NCAA
NORTH CAROLINA TAR HEELS @ SOUTH CAROLINA GAMECOCKS
05/07/2027
 
TOP OF THE 1ST
North Carolina Tar Heels batting - Pitching for South Carolina Gamecocks : RHP Javier MacGoun
Pitching: RHP Javier MacGoun
Batting: RHB Derek Scott 0-0: Called Strike
0-1: Ball
1-1: Ball
2-1: Swinging Strike
2-2: Strikes out swinging
Batting: LHB Joe Spears 0-0: SINGLE (Flyball, 9S)
Batting: LHB José Morales 0-0: Called Strike
0-1: Ball
1-1: Foul Ball, location: 2F
1-2: Grounds into double play, 6-4-3 (Groundball, 6)
Top of the 1st over - 0 run(s), 1 hit(s), 0 error(s), 0 left on base; North Carolina 0 - South Carolina 0
BOTTOM OF THE 1ST
South Carolina Gamecocks batting - Pitching for North Carolina Tar Heels : RHP Bruce Collins
Pitching: RHP Bruce Collins
Batting: RHB Rob DeWitt 0-0: Swinging Strike
0-1: Reached on error, E5 (Groundball, 56)
Batting: RHB Ryan Campbell 0-0: Fly out, F7 (Flyball, 7S)
Batting: LHB Bill Walter 0-0: Called Strike
0-1: Foul Ball, location: 2F
0-2: Strikes out swinging
Batting: LHB Chandler Pitts 0-0: Foul Ball, location: 2F
0-1: Ball
1-1: Foul Ball, location: 2F
1-2: Foul Ball, location: 2F
1-2: Ball
2-2: Foul Ball, location: 2F
2-2: Foul Ball, location: 2F
2-2: Ball
3-2: Hit by Pitch
Batting: RHB Fernando Pérez 0-0: Ball
1-0: Fielders Choice at 2nd, 6-4 (Groundball, 6)
Bottom of the 1st over - 0 run(s), 0 hit(s), 1 error(s), 1 left on base; North Carolina 0 - South Carolina 0
TOP OF THE 2ND
North Carolina Tar Heels batting - Pitching for South Carolina Gamecocks : RHP Javier MacGoun
Batting: LHB Will Robinson 0-0: Ball
1-0: SINGLE (Line Drive, 8RS)
Batting: SHB Rod Good 0-0: Ball
1-0: Swinging Strike
1-1: Ball
2-1: Called Strike
2-2: Ground out U3 (Groundball, 34S)
Will Robinson to second
Batting: RHB Stan Crosby 0-0: Swinging Strike
0-1: Called Strike
0-2: Ball
1-2: Strikes out swinging
Batting: RHB Jeff Navarro 0-0: Ball
1-0: Ball
2-0: Ball
3-0: Base on Balls
Batting: LHB Kirby Hurst 0-0: Swinging Strike
0-1: Ball
1-1: Ball
2-1: Foul Ball, location: 2F
2-2: Strikes out swinging
Top of the 2nd over - 0 run(s), 1 hit(s), 0 error(s), 2 left on base; North Carolina 0 - South Carolina 0
BOTTOM OF THE 2ND
South Carolina Gamecocks batting - Pitching for North Carolina Tar Heels : RHP Bruce Collins
Batting: SHB Ron Sims 0-0: Ball
1-0: Called Strike
1-1: Ground out 5-3 (Groundball, 56S)
Batting: LHB Gilberto Ortíz 0-0: Ball
1-0: Called Strike
1-1: Ball
2-1: Foul Ball, location: 2F
2-2: Ball
3-2: Foul Ball, location: 2F
3-2: Base on Balls
Batting: RHB Mason Melton 0-0: Swinging Strike
0-1: Ball
1-1: Reached on error, E5 (Groundball, 5S)
Gilberto Ortíz to third
Batting: RHB José Maldonado 0-0: Ground out 3-1 (Groundball, 34)
Gilberto Ortíz scores
Mason Melton to third
Batting: RHB Rob DeWitt 0-0: Ground out 6-3 (Groundball, 6)
Bottom of the 2nd over - 1 run(s), 0 hit(s), 1 error(s), 1 left on base; North Carolina 0 - South Carolina 1
TOP OF THE 3RD
North Carolina Tar Heels batting - Pitching for South Carolina Gamecocks : RHP Javier MacGoun
Batting: RHB Mauro Vargas 0-0: Called Strike
0-1: Called Strike
0-2: SOLO HOME RUN (Flyball, 78XD), Distance : 382 ft
Batting: RHB Derek Scott 0-0: Called Strike
0-1: Swinging Strike
0-2: Ball
1-2: SOLO HOME RUN (Flyball, 78XD), Distance : 387 ft
Batting: LHB Joe Spears 0-0: Bunted foul
0-1: Called Strike
0-2: Ball
1-2: Ball
2-2: Foul Ball, location: 2F
2-2: Fly out, F8 (Flyball, 8LM)
Batting: LHB José Morales 0-0: Ball
1-0: Ball
2-0: Ball
3-0: Base on Balls
Batting: LHB Will Robinson 0-0: SINGLE (Flyball, 89S)
José Morales to second
Runner from 2nd tries for 3rd, SAFE, throw made to third
Batting: SHB Rod Good 0-0: Ball
1-0: Ball
2-0: Called Strike
2-1: Ball
3-1: Foul Ball, location: 2F
3-2: Grounds into double play, 4-6-3 (Groundball, 4)
Top of the 3rd over - 2 run(s), 3 hit(s), 0 error(s), 1 left on base; North Carolina 2 - South Carolina 1
BOTTOM OF THE 3RD
South Carolina Gamecocks batting - Pitching for North Carolina Tar Heels : RHP Bruce Collins
Batting: RHB Ryan Campbell 0-0: Ball
1-0: Ground out 1-3 (Groundball, P)
Batting: LHB Bill Walter 0-0: Called Strike
0-1: Foul Ball, location: 2F
0-2: Strikes out swinging
Batting: LHB Chandler Pitts 0-0: Ball
1-0: Swinging Strike
1-1: Ball
2-1: Ball
3-1: Foul Ball, location: 2F
3-2: Foul Ball, location: 2F
3-2: Base on Balls
Batting: RHB Fernando Pérez 0-0: Fielders Choice at 2nd, 6-4 (Groundball, 6)
Bottom of the 3rd over - 0 run(s), 0 hit(s), 0 error(s), 0 left on base; North Carolina 2 - South Carolina 1
TOP OF THE 4TH
North Carolina Tar Heels batting - Pitching for South Carolina Gamecocks : RHP Javier MacGoun
Batting: RHB Stan Crosby 0-0: Called Strike
0-1: Ball
1-1: SINGLE (Groundball, 4D)
Batting: RHB Jeff Navarro 0-0: Ball
1-0: Foul Ball, location: 2F
1-1: Foul Ball, location: 2F
1-2: Foul Ball, location: 2F
1-2: Ball
2-2: Foul Ball, location: 2F
2-2: Strikes out swinging
Batting: LHB Kirby Hurst 0-0: Ball
1-0: SINGLE (Line Drive, 4MD)
Stan Crosby to second
Batting: RHB Mauro Vargas 0-0: Fly out, F7 (Flyball, 78XD)
Runner from 2nd tags up, SAFE at 3rd, no throw
Batting: RHB Derek Scott 0-0: Swinging Strike
0-1: Called Strike
0-2: Strikes out swinging
Top of the 4th over - 0 run(s), 2 hit(s), 0 error(s), 2 left on base; North Carolina 2 - South Carolina 1
BOTTOM OF THE 4TH
South Carolina Gamecocks batting - Pitching for North Carolina Tar Heels : RHP Bruce Collins
Batting: SHB Ron Sims 0-0: Foul Ball, location: 2F
0-1: Swinging Strike
0-2: Foul Ball, location: 2F
0-2: Ball
1-2: Strikes out looking
Batting: LHB Gilberto Ortíz 0-0: Called Strike
0-1: Ball
1-1: Fly out, F8 (Flyball, 8RS)
Batting: RHB Mason Melton 0-0: Foul Ball, location: 2F
0-1: Ball
1-1: Foul Ball, location: 2F
1-2: Ground out 6-3 (Groundball, 6)
Bottom of the 4th over - 0 run(s), 0 hit(s), 0 error(s), 0 left on base; North Carolina 2 - South Carolina 1
TOP OF THE 5TH
North Carolina Tar Heels batting - Pitching for South Carolina Gamecocks : RHP Javier MacGoun
Batting: LHB Joe Spears 0-0: Ball
1-0: Swinging Strike
1-1: SINGLE (Groundball, 34D)
Batting: LHB José Morales 0-0: Ball
Joe Spears is caught stealing 2nd base
1-0: Ball
2-0: Fly out, F8 (Flyball, 8LS)
Batting: LHB Will Robinson 0-0: Fly out, F7 (Flyball, 7S)
Top of the 5th over - 0 run(s), 1 hit(s), 0 error(s), 0 left on base; North Carolina 2 - South Carolina 1
BOTTOM OF THE 5TH
South Carolina Gamecocks batting - Pitching for North Carolina Tar Heels : RHP Bruce Collins
Batting: RHB José Maldonado 0-0: Foul Ball, location: 2F
0-1: Ball
1-1: Swinging Strike
1-2: Ball
2-2: Strikes out swinging
Batting: RHB Rob DeWitt 0-0: Called Strike
0-1: Ball
1-1: DOUBLE (Line Drive, 9LM)
Batting: RHB Ryan Campbell 0-0: Called Strike
Rob DeWitt steals 3rd base
0-1: Foul Ball, location: 2F
0-2: Strikes out looking
Batting: LHB Bill Walter 0-0: Ball
1-0: Ball
2-0: Ball
3-0: Base on Balls
Batting: LHB Chandler Pitts 0-0: Ball
1-0: Ball
2-0: Ball
3-0: Called Strike
3-1: Called Strike
3-2: Foul Ball, location: 2F
3-2: Foul Ball, location: 2F
3-2: Reached on error, E6 (Groundball, 6)
Rob DeWitt scores
Bill Walter to second
Pitching: RHP Tom Keeney
Batting: RHB Fernando Pérez 0-0: Ball
1-0: Foul Ball, location: 2F
1-1: Swinging Strike
1-2: Foul Ball, location: 2F
1-2: Strikes out swinging
Bottom of the 5th over - 1 run(s), 1 hit(s), 1 error(s), 2 left on base; North Carolina 2 - South Carolina 2
TOP OF THE 6TH
North Carolina Tar Heels batting - Pitching for South Carolina Gamecocks : RHP Javier MacGoun
Batting: SHB Rod Good 0-0: Ball
1-0: Called Strike
1-1: Ground out 4-3 (Groundball, 4)
Pitching: RHP Floyd Carson
Batting: RHB Stan Crosby 0-0: Called Strike
0-1: Ball
1-1: Ball
2-1: Ball
3-1: Ground out 6-3 (Groundball, 6)
Batting: RHB Jeff Navarro 0-0: Ball
1-0: Ball
2-0: Ball
3-0: Base on Balls
Batting: LHB Kirby Hurst 0-0: Ball
1-0: Fielders Choice at 2nd, 4-6 (Groundball, 4)
Top of the 6th over - 0 run(s), 0 hit(s), 0 error(s), 0 left on base; North Carolina 2 - South Carolina 2
BOTTOM OF THE 6TH
South Carolina Gamecocks batting - Pitching for North Carolina Tar Heels : RHP Tom Keeney
Batting: SHB Ron Sims 0-0: Ball
1-0: Ball
2-0: Called Strike
2-1: Ball
3-1: Base on Balls
Batting: LHB Gilberto Ortíz 0-0: Called Strike
0-1: Foul Ball, location: 2F
0-2: Strikes out swinging
Ron Sims steals 2nd base
Batter strikes out.
Batting: RHB Mason Melton 0-0: Ball
1-0: Called Strike
1-1: Ball
Wild Pitch!
Ron Sims to third
2-1: Ground out 1-3 (Groundball, P)
Batting: RHB José Maldonado 0-0: Called Strike
0-1: Swinging Strike
0-2: Ball
1-2: Strikes out swinging
Bottom of the 6th over - 0 run(s), 0 hit(s), 0 error(s), 1 left on base; North Carolina 2 - South Carolina 2
TOP OF THE 7TH
North Carolina Tar Heels batting - Pitching for South Carolina Gamecocks : RHP Floyd Carson
Batting: RHB Mauro Vargas 0-0: Ball
1-0: Ball
2-0: Called Strike
2-1: Swinging Strike
2-2: Ball
3-2: Foul Ball, location: 2F
3-2: Foul Ball, location: 2F
3-2: SINGLE (Groundball, 34S) (infield hit)
Batting: RHB Derek Scott 0-0: Foul Ball, location: 2F
0-1: Foul Ball, location: 2F
0-2: Ball
1-2: Foul Ball, location: 2F
1-2: Strikes out looking
Batting: LHB Joe Spears 0-0: Called Strike
0-1: Ball
1-1: Called Strike
1-2: Ground out 3-1 (Groundball, 34S)
Mauro Vargas to second
Batting: LHB José Morales 0-0: Ball
1-0: Ball
2-0: Ball
3-0: Called Strike
3-1: Base on Balls
Batting: LHB Will Robinson 0-0: Called Strike
0-1: SINGLE (Groundball, 34) (infield hit)
Mauro Vargas to third
José Morales to second
Batting: SHB Rod Good 0-0: Called Strike
0-1: Ball
1-1: SINGLE (Groundball, 34S) (infield hit)
Mauro Vargas scores
José Morales to third
Will Robinson to second
Batting: RHB Stan Crosby 0-0: Foul Ball, location: 2F
0-1: Called Strike
0-2: Ground out 6-3 (Groundball, 6)
Top of the 7th over - 1 run(s), 3 hit(s), 0 error(s), 3 left on base; North Carolina 3 - South Carolina 2
BOTTOM OF THE 7TH
South Carolina Gamecocks batting - Pitching for North Carolina Tar Heels : RHP Tom Keeney
Batting: RHB Rob DeWitt 0-0: Called Strike
0-1: Swinging Strike
0-2: Ball
1-2: Strikes out looking
Batting: RHB Ryan Campbell 0-0: Ball
1-0: Swinging Strike
1-1: Foul Ball, location: 2F
1-2: Ball
2-2: Ball
3-2: Base on Balls
Batting: LHB Bill Walter 0-0: Ball
1-0: SINGLE (Groundball, 34D)
Ryan Campbell to second
Runner from 2nd tries for 3rd, SAFE, no throw
Batting: LHB Chandler Pitts 0-0: Called Strike
0-1: Swinging Strike
0-2: Hit by Pitch
Bill Walter to second
Batting: RHB Fernando Pérez 0-0: Called Strike
0-1: GRAND SLAM HOME RUN (Flyball, 78XD), Distance : 366 ft
Pitching: RHP James McGookin
Batting: SHB Ron Sims 0-0: Foul Ball, location: 2F
0-1: Ball
1-1: Foul Ball, location: 2F
1-2: Ball
2-2: Strikes out looking
Batting: LHB Gilberto Ortíz 0-0: DOUBLE (Line Drive, 7LM)
Batting: RHB Mason Melton 0-0: Ball
1-0: Called Strike
1-1: Called Strike
1-2: Foul Ball, location: 2F
1-2: Strikes out swinging
Bottom of the 7th over - 4 run(s), 3 hit(s), 0 error(s), 1 left on base; North Carolina 3 - South Carolina 6
TOP OF THE 8TH
North Carolina Tar Heels batting - Pitching for South Carolina Gamecocks : RHP Floyd Carson
Batting: RHB Jeff Navarro 0-0: Ball
1-0: Ball
2-0: Ball
3-0: Base on Balls
Pitching: RHP Bob Branch
Batting: LHB Kirby Hurst 0-0: Ball
1-0: Called Strike
1-1: Foul Ball, location: 2F
1-2: Hit by Pitch
Jeff Navarro to second
Pitching: RHP Miguel Martínez
Batting: RHB Mauro Vargas 0-0: Swinging Strike
0-1: Ball
1-1: Swinging Strike
1-2: Fly out, F8 (Flyball, 8RD)
Runner from 2nd tags up, SAFE at 3rd, no throw
Batting: RHB Derek Scott 0-0: Ball
1-0: Ball
2-0: Ball
3-0: Called Strike
3-1: Called Strike
3-2: Ground out 5-3 (Groundball, 56S)
Jeff Navarro scores
Kirby Hurst to second
Pitching: LHP Michael Harrison
Batting: LHB Joe Spears 0-0: Ball
1-0: Foul Ball, location: 2F
1-1: Ball
2-1: Called Strike
2-2: Hit by Pitch
Batting: LHB José Morales 0-0: Foul Ball, location: 2F
0-1: Ball
1-1: Foul Ball, location: 2F
1-2: Strikes out swinging
Top of the 8th over - 1 run(s), 0 hit(s), 0 error(s), 2 left on base; North Carolina 4 - South Carolina 6
BOTTOM OF THE 8TH
South Carolina Gamecocks batting - Pitching for North Carolina Tar Heels : RHP James McGookin
Batting: RHB José Maldonado 0-0: Ball
1-0: Ball
2-0: Called Strike
2-1: Swinging Strike
2-2: Strikes out looking
Batting: RHB Rob DeWitt 0-0: Called Strike
0-1: Foul Ball, location: 2F
0-2: Ball
1-2: Foul Ball, location: 2F
1-2: SINGLE (Groundball, 6MD)
Batting: RHB Ryan Campbell 0-0: Ball
1-0: Ball
2-0: Ball
3-0: Called Strike
3-1: Called Strike
3-2: Base on Balls
Rob DeWitt to second
Batting: LHB Bill Walter 0-0: Foul Ball, location: 2F
0-1: Ball
1-1: SINGLE (Line Drive, 78S)
Rob DeWitt to third
Ryan Campbell to second
Batting: LHB Chandler Pitts 0-0: Ball
1-0: Ball
2-0: Called Strike
2-1: Ball
3-1: Base on Balls
Rob DeWitt scores
Ryan Campbell to third
Bill Walter to second
Batting: RHB Fernando Pérez 0-0: Ball
1-0: Ball
2-0: Ball
3-0: Base on Balls
Ryan Campbell scores
Bill Walter to third
Chandler Pitts to second
Pitching: RHP Broderick Miller
Batting: SHB Ron Sims 0-0: Called Strike
0-1: Grounds into double play, 6-4-3 (Groundball, 6)
Bottom of the 8th over - 2 run(s), 2 hit(s), 0 error(s), 2 left on base; North Carolina 4 - South Carolina 8
TOP OF THE 9TH
North Carolina Tar Heels batting - Pitching for South Carolina Gamecocks : LHP Michael Harrison
Batting: LHB Will Robinson 0-0: Ball
1-0: Foul Ball, location: 2F
1-1: Fly out, F3 (Popup, 3L)
Batting: SHB Rod Good 0-0: Called Strike
0-1: Ball
1-1: Foul Ball, location: 2F
1-2: Strikes out swinging
Batting: RHB Stan Crosby 0-0: Ball
1-0: Ground out 4-3 (Groundball, 4)
Top of the 9th over - 0 run(s), 0 hit(s), 0 error(s), 0 left on base; North Carolina 4 - South Carolina 8
Thursday, March 30th, 2017 - OOTP Baseball 17.12 Build 75